 Dungeon Crawl Stone Soup version 0.30-a0-946-gec5dcfc036 (console) character file.

Game seed: 9640169767431321376

338 utis the Poker (level 6, 0/35 HPs)
             Began as a Tengu Wanderer on Mar 27, 2023.
             Slain by a gnoll sergeant
             ... wielding a +2 spear of freezing
              (7 damage)
             ... on level 5 of the Dungeon.
             The game lasted 00:09:52 (4347 turns).

utis the Poker (Tengu Wanderer)                     Turns: 4347, Time: 00:09:52

Health: 0/35       AC:  9    Str: 15    XL:     6   Next: 55%
Magic:  7/7        EV:  8    Int: 12    God:
Gold:   180        SH:  0    Dex: 13    Spells: 3/5 levels left

rFire   . . .      SeeInvis .    e - +0 halberd
rCold   . . .      Faith    .    (shield currently unavailable)
rNeg    . . .      Spirit   .    h - +0 chain mail
rPois   .          Reflect  .    (helmet restricted)
rElec   .          Rampage  .    (no cloak)
rCorr   .                        (no gloves)
Will    .....                    (boots unavailable) Stlth
                                 (no amulet)
HPRegen 0.25/turn                (no ring)
MPRegen 0.10/turn                (no ring)

@: flying quickly and evasively, quick
A: beak, talons 3, nimble flight
a: no special abilities


You were on level 5 of the Dungeon.
You visited 1 branch of the dungeon, and saw 5 of its levels.

You collected 180 gold pieces.

Inventory:

Hand Weapons
 a - a +0 trident
 e - a +0 halberd (weapon)
 o - a +2 short sword
Armour
 c - a +0 scale mail
 h - a +0 chain mail (worn)
Wands
 i - a wand of charming (4)
 t - a wand of digging (2)
Scrolls
 d - a scroll of fog {unknown}
 j - 2 scrolls of amnesia {unknown}
 n - 2 scrolls of noise {unknown}
 p - 2 scrolls of teleportation {unknown}
 q - a scroll of torment {unknown}
 r - a scroll of immolation {unknown}
 s - a scroll of fear {unknown}
 u - 2 scrolls of enchant armour {unknown}
 v - a scroll of summoning {unknown}
 w - a scroll of blinking {unknown}
Potions
 b - a potion of lignification
 f - 6 potions of curing {@q1}
 g - 3 potions of mutation {!q}
 k - a potion of haste {@q3}
 l - 2 potions of attraction
 m - a potion of ambrosia


   Skills:
 - Level 2.1 Fighting
 - Level 3.3 Short Blades
 - Level 4.1 Polearms
 - Level 3.9 Armour
 - Level 1.9 Dodging
 - Level 1.0 Stealth
 - Level 1.1 Unarmed Combat
 + Level 3.9 Summonings
 - Level 1.0 Evocations


You had 3 spell levels left.
You knew the following spells:

 Your Spells              Type           Power      Damage    Failure   Level
p - Call Imp              Summ           9%         N/A       88%         2

Your spell library contained the following spells:

 Spells                   Type           Power      Damage    Failure   Level
 Magic Dart               Conj           0%         1d3       99%         1
 Searing Ray              Conj           0%         2d4       100%        2
 Inner Flame              Hex/Fire       0%         N/A       100%        3
 Flame Wave               Conj/Fire      0%         2d4       100%        4
 Fulminant Prism          Conj/Hex       0%         3d5       100%        4
 Sticky Flame             Conj/Fire      0%         2d3       100%        4
 Summon Horrible Things   Summ           4%         N/A       100%        8
 Dragon's Call            Summ           4%         N/A       100%        9


Dungeon Overview and Level Annotations

Branches:
Dungeon (5/15)
 Temple: D:4-7

Altars:

Shops:
D:5 (

Annotations:
D:4 Pikel


Innate Abilities, Weirdness & Mutations

You have a beak for a mouth.
You have claws for feet.
Your magical nature lets you fly swiftly and evasively.


Message History

The gnoll is severely wounded.
The gnoll hits you with a +0 whip.
You slash the gnoll!
You kill the gnoll!
No target in view!
Things that are here:
a +0 whip; a +0 whip; a gnoll corpse Unknown command.
A gnoll sergeant comes into view. It is wielding a +2 spear of freezing.
Things that are here:
a +0 whip; a +0 whip; a gnoll corpse You start waiting.
A gnoll sergeant is nearby!
You reach to attack!
You slash the gnoll sergeant!
The gnoll sergeant is heavily wounded.
The gnoll sergeant hits you but does no damage.
The gnoll sergeant hits you from afar with a +2 spear of freezing!
The gnoll sergeant freezes you.
You reach to attack!
You barely miss the gnoll sergeant.
The gnoll sergeant is heavily wounded.
The gnoll sergeant hits you from afar with a +2 spear of freezing.
The gnoll sergeant freezes you.
You reach to attack!
You barely miss the gnoll sergeant.
The gnoll sergeant is heavily wounded.
The gnoll sergeant hits you from afar with a +2 spear of freezing!
* * * LOW HITPOINT WARNING * * *
The gnoll sergeant freezes you.
* * * LOW HITPOINT WARNING * * *
The gnoll sergeant hits you with a +2 spear of freezing.
* * * LOW HITPOINT WARNING * * *
The gnoll sergeant freezes you.
* * * LOW HITPOINT WARNING * * *
Things that are here:
a +0 whip; a +0 whip; a gnoll corpse You are too injured to fight recklessly!
You are too injured to fight recklessly!
You completely miss the gnoll sergeant. Your kick misses the gnoll sergeant.
The gnoll sergeant is heavily wounded.
The gnoll sergeant hits you with a +2 spear of freezing!
You die...

░░░░░.░░░░ ░ ░.░ ░
░.░ ░ ░.░
░░░░░░░░░.
░░░░░.░░░......g..
░......░░.░░░.░░░.
░.░░░░)░░.░
░..'∩░.░░g░
░.░░░░..Q.░ ░.░
░.░░>░ ░.░░░░.░░.░
░......░░.░
░░░░░░░░░.. ░░░


You could see a gnoll sergeant.

Vanquished Creatures
  2 lemures (D:4)
  A phantom (D:5)
  A scorpion (D:5)
  A gnoll bouda (D:5)
  A sleepcap (D:5)
  Robin (D:3)
  3 gnolls (D:5)
  An adder (D:2)
  An ufetubus (D:4)
  A worm (D:3)
  2 dart slugs
  An orc (D:3)
  6 bats
  6 endoplasms
  4 giant cockroaches
  19 goblins
  7 hobgoblins
  3 jackals (D:3)
  3 kobolds
  6 quokkas
  4 ball pythons
  A frilled lizard (D:3)
  6 rats
81 creatures vanquished.

Notes
Turn   | Place    | Note
-------+----------+-------------------------------------------
     0 | D:1      | utis the Tengu Wanderer began the quest for the Orb.
     0 | D:1      | utis set off with the following items: a +2 short sword, a
                  | potion of lignification, a +0 scale mail, a potion of heal
                  | wounds {@q2}.
     0 | D:1      | Reached XP level 1. HP: 12/12 MP: 2/2
   187 | D:1      | Reached XP level 2. HP: 16/16 MP: 3/3
   239 | D:1      | Reached skill level 1 in Polearms
   527 | D:1      | Reached skill level 1 in Dodging
   778 | D:2      | Reached XP level 3. HP: 20/20 MP: 4/4
  1383 | D:2      | Reached skill level 2 in Polearms
  1600 | D:3      | Reached XP level 4. HP: 26/26 MP: 5/5
  2090 | D:3      | Noticed Robin
  2192 | D:3      | Killed Robin
  2196 | D:3      | HP: 1/26 [hobgoblin/+0 dagger[Robin] (5)]
  2620 | D:3      | Got Oxaguir's Book of Convocation
  3491 | D:4      | Learned a level 2 spell: Call Imp
  3624 | D:4      | Gained mutation: Your magical nature lets you fly swiftly
                  | and evasively. [Tengu growth]
  3624 | D:4      | Reached XP level 5. HP: 30/30 MP: 6/6
  3774 | D:4      | Noticed a lemure
  3808 | D:4      | Killed a lemure
  3894 | D:4      | Noticed a lemure
  3922 | D:4      | Killed a lemure
  3989 | D:4      | Noticed Pikel
  4053 | D:5      | Entered Level 5 of the Dungeon
  4077 | D:5      | Noticed a phantom
  4084 | D:5      | Killed a phantom
  4085 | D:5      | Reached skill level 4 in Polearms
  4134 | D:5      | Reached skill level 1 in Summonings
  4212 | D:5      | Reached XP level 6. HP: 32/35 MP: 7/7
  4286 | D:5      | Found Waita's Weapon Emporium.
  4347 | D:5      | Slain by a gnoll sergeant

Illustrated notes

Levels and vault maps discovered:
D:1:      minmay_arrival_diagonal_passages, layout_rooms,
          minmay_misc_feat_doors, nicolae_figureground_sparkle
D:2:      layout_basic, kennysheep_decorative_pillar, minmay_tromino_i4
D:3:      kennysheep_goblin_castle, layout_basic, uniq_robin
D:4:      layout_cave_pools, minmay_temple_entry_statues_fountains, uniq_pikel
D:5:      layout_loops_corners, mainiacjoe_overflow_big_doors, serial_shops,
          kennysheep_mini, uniq_ijyb, uniq_eustachio

Skill      XL: |  1  2  3  4  5  6 |
---------------+-------------------+-----
Polearms       | 1 2 4 |  4.1
Dodging        | 1 |  1.9
Fighting       | 2 |  2.1
Summonings     | 2 3 |  3.9
Short Blades   | |  3.3
Armour         | |  3.9
Stealth        | |  1.0
Unarmed Combat | |  1.1
Evocations     | |  1.0

Action                     |  1- 3 |  4- 6 || total
---------------------------+-------+-------++-------
  Melee: Short sword       |   100 |       ||   100
         Kick              |    17 |    36 ||    53
         Peck              |    13 |    21 ||    34
         Punch             |     1 |       ||     1
         Trident           |       |   110 ||   110
         Halberd           |       |    45 ||    45
    Use: Scroll            |     3 |     2 ||     5
         Potion            |       |     3 ||     3
   Stab: Distracted        |       |     1 ||     1
 Armour: Scale mail        |    24 |       ||    24
         Chain mail        |    30 |    73 ||   103
  Dodge: Dodged            |    24 |    56 ||    80

Table legend: (Time is in decaauts)
 A = Elapsed time spent in this place.
 B = Non-inter-level travel time spent in this place.
 C = Inter-level travel time spent in this place.
 D = Time resting spent in this place.
 E = Time spent auto-exploring this place.
 F = Levels seen in this place.
 G = Mean time per level.
                   A        B        C        D        E       F      G
               +--------+--------+--------+--------+--------+-----+--------+
         Total |   4312 |   4184 |    128 |    803 |   2534 |   5 |  862.4 |
       Dungeon |   4312 |   4184 |    128 |    803 |   2534 |   5 |  862.4 |
               +--------+--------+--------+--------+--------+-----+--------+

Top non-repeatable levels by time:
     D:3: 2024 daAuts
     D:1: 708 daAuts
     D:2: 700 daAuts
     D:4: 594 daAuts
     D:5: 284 daAuts
